 Dungeon Crawl Stone Soup version 0.26.1-11-gd32895ea62 (webtiles) character file.

Game seed: 15400454547770660143

5266 DildoBatman the Blocker (level 10, -1/67 HPs)
             Began as a Formicid Conjurer on July 19, 2021.
             Was a High Priest of Kikubaaqudgha.
             Slain by Prince Ribbit (12 damage)
             ... on level 8 of the Dungeon.
             The game lasted 00:38:59 (9725 turns).

DildoBatman the Blocker (Formicid Conjurer)         Turns: 9725, Time: 00:39:00

Health: -1/67      AC:  6    Str: 14    XL:     10   Next: 93%
Magic:  9/20       EV: 12    Int: 18    God:    Kikubaaqudgha [*****.]
Gold:   597        SH: 11    Dex: 17    Spells: 6/23 levels left

rFire    + + +     SeeInvis +   a - +11 lajatang "Killer Bee's Foe" {protect, rF+++ Will- Dex+5}
rCold    . . .     Faith    +   A - +0 kite shield of Anarchy {Str+2} (curse)
rNeg     . . .     Spirit   .   Q - +2 robe {Will+}
rPois    +         Reflect  .   (helmet unavailable)
rElec    .         Harm     .   t - +0 cloak {Stlth+}
rCorr    .         Rampage  .   (no gloves)
Will     +....                  K - +0 pair of boots
Stlth    ++........             F - amulet of faith
HPRegen  0.21/turn              y - ring of poison resistance
MPRegen  0.17/turn              O - ring of teleportation (curse)

@: studying Armour
A: permanent stasis, dig shafts and tunnels, four strong arms, antennae 3
a: Dig, Shaft Self, Renounce Religion, Receive Corpses, Torment


You were on level 8 of the Dungeon.
You worshipped Kikubaaqudgha.
Kikubaaqudgha was extremely pleased with you.
You visited 2 branches of the dungeon, and saw 9 of its levels.
You also visited: Bailey.

You collected 705 gold pieces.
You spent 108 gold pieces at shops.

Inventory:

Hand Weapons
 a - the +11 lajatang "Killer Bee's Foe" (weapon) {protect, rF+++ Will- Dex+5}
   (You found it on level 8 of the Dungeon)

   It grants its wielder temporary protection when it strikes (+7 to AC).
   It affects your dexterity (+5).
   It renders you almost immune to fire.
   It affects your willpower, your defense against some magical effects.
 b - a +0 shortbow of flaming
 d - a +1 vorpal great sword
 e - a +2 short sword of venom
Missiles
 r - 237 stones
 u - 175 arrows
 v - 6 poisoned darts
 w - 128 sling bullets
 z - 10 boomerangs
 C - 102 bolts
 M - 4 atropa-tipped darts
 R - 17 javelins
Armour
 t - a +0 cloak of stealth (worn)
 A - the cursed +0 kite shield of Anarchy (worn) {Str+2}
   (You found it on level 4 of the Dungeon)

   It affects your strength (+2).
   It has a curse placed upon it.
 K - a +0 pair of boots (worn)
 Q - a +2 robe of willpower (worn)
Magical Staves
 E - an uncursed staff of poison
Jewellery
 s - an uncursed amulet of regeneration {unknown}
 y - a ring of poison resistance (left hand)
 F - an amulet of faith (around neck)
 H - an uncursed ring of ice
 O - a cursed ring of teleportation (right hand)
Scrolls
 i - 2 scrolls of fog
 j - 3 scrolls of teleportation {unknown}
 n - a scroll of blinking {unknown}
 q - 4 scrolls of enchant weapon
 x - 5 scrolls of remove curse
 B - 3 scrolls of enchant armour {unknown}
 G - 3 scrolls of immolation
 I - 2 scrolls of noise {unknown}
 J - 3 scrolls of magic mapping
 L - 3 scrolls of acquirement {unknown}
 N - 3 scrolls of fear {unknown}
 U - a scroll of amnesia {unknown}
 V - a scroll of identify
Potions
 c - a potion of cancellation {unknown}
 f - a potion of berserk rage {unknown}
 g - a potion of resistance
 h - 3 potions of haste {unknown}
 k - 2 potions of brilliance
 l - 2 potions of attraction {unknown}
 m - 3 potions of flight {unknown}
 o - 2 potions of might
 p - 5 potions of heal wounds
 D - 2 potions of curing {unknown}
 P - a potion of degeneration {unknown}
Books
 S - a manual of
Armour
 T - a manual of Armour


   Skills:
 - Level 2.0 Fighting
 - Level 2.0 Armour
 - Level 1.7 Dodging
 - Level 2.4 Stealth
 - Level 9.0 Shields
 - Level 7.0 Spellcasting
 - Level 6.0 Conjurations
 * Level 7.6 Necromancy
 * Level 7.7 Earth Magic


You had 6 spell levels left.
You knew the following spells:

 Your Spells              Type           Power        Failure   Level
a - Searing Ray           Conj           54%          1%          2
b - Borgnjor's Vile Clut  Necr/Erth      17%          13%         5
c - Magic Dart            Conj           100%         1%          1
d - Vampiric Draining     Necr           16%          1%          3
h - Dispel Undead         Necr           33%          4%          4
z - Sublimation of Blood  Necr           16%          1%          2

Your spell library contained the following spells:

 Spells                   Type           Power        Failure   Level
 Animate Skeleton         Necr           66%          1%          1
 Pain                     Necr           100%         1%          1
 Dazzling Flash           Conj/Hex       34%          10%         3
 Apportation              Tloc           12%          11%         1
 Corona                   Hex            6%           11%         1
 Summon Small Mammal      Summ           24%          11%         1
 Excruciating Wounds      Necr           16%          13%         5
 Fulminant Prism          Conj/Hex       8%           30%         4
 Iskenderun's Mystic Bla  Conj/Tloc      17%          30%         4
 Death Channel            Necr           16%          56%         6
 Simulacrum               Ice/Necr       10%          98%         6


Dungeon Overview and Level Annotations

Branches:
Dungeon (8/15)             Temple (1/1) D:4          Bailey (visited)
   Lair: D:8-11

Altars:
Ashenzari
Cheibriados
Dithmenos
Elyvilon
Fedhas
Gozag
Hepliaklqana
Kikubaaqudgha
Makhleb
Nemelex Xobeh
Okawaru
Qazlal
Ru
Trog
Uskayaw
Vehumet
Wu Jian
Xom
Yredelemnul
Zin
The Shining One

Shops:
D:8 ?

Annotations:
D:8 Prince Ribbit


Innate Abilities, Weirdness & Mutations

You cannot be hasted, slowed, berserked, paralysed or teleported.
You can dig through walls and to a lower floor.
Your four strong arms can wield two-handed weapons with a shield.
You have a pair of large antennae on your head. (SInv)


Message History

Casting: Vampiric Draining (safe; 1% risk of failure)
Confirm with . or Enter, or press ? or * to list all spells.
Aiming: Vampiric Draining (safe; 1% risk of failure)
Press: ? - help, Shift-Dir - straight line, f/p - Prince Ribbit
Aim: Prince Ribbit (moderately wounded) Prince Ribbit is heavily wounded.
You feel life coursing into your body. Prince Ribbit hits you!
Prince Ribbit hops awkwardly around.
Prince Ribbit hits you!
Casting: Vampiric Draining (safe; 1% risk of failure)
Confirm with . or Enter, or press ? or * to list all spells.
Aiming: Vampiric Draining (safe; 1% risk of failure)
Press: ? - help, Shift-Dir - straight line, f/p - Prince Ribbit
Aim: Prince Ribbit (heavily wounded) Prince Ribbit is severely wounded.
You feel life coursing into your body. Prince Ribbit hits you!
You die...
Kikubaaqudgha rasps: "You have failed me!
Welcome... death!"

#......# #.# #.#...##.#.#....#
#......#####.####.#........####.#
#.................#.#......#....#
#......#####.######.#..<........#
#......# ###...........#..#......
#......# #..........##...........
.....†.# #.)........#####...#....
......## #.....F...## ##.......
......# #......@..[# #...#...
......# #..........# #..../..
......# #..........######...#..)
......# #......................<
......# #..........#####....##..
...#### #..........# #........
...# #..........## #####.##..
...#######.........#.###.........
...##..............##.##.........


You could see Prince Ribbit.

Vanquished Creatures
  Edmund (D:6)
  12 orc warriors
  2 sky beasts
  A black bear (D:8)
  An ice beast (D:5)
  An ogre (D:7)
  3 phantoms
  13 centaurs
  A big kobold (D:8)
  A gnoll sergeant (D:7)
  4 bullfrogs
  4 howler monkeys
  5 wights (D:6)
  4 crimson imps (D:3)
  A quasit (D:7)
  A bullfrog zombie (D:5)
  2 bullfrog skeletons
  5 orc priests
  5 hounds
  A jelly (D:7)
  A centaur zombie (D:8)
  A gnoll shaman (D:7)
  8 orc wizards
  An iguana (D:4)
  8 worker ants
  2 hound zombies
  15 gnolls
  6 adders
  4 white imps
  An ufetubus (D:6)
  An ooze (D:7)
  4 worms
  A dart slug (D:1)
  7 leopard geckos
  56 orcs
  14 giant cockroaches (D:3)
  5 goblins
  7 hobgoblins
  10 jackals
  13 kobolds
  3 quokkas
  4 ball pythons
  10 bats
  4 frilled lizards
  12 rats
266 creatures vanquished.

Vanquished Creatures (others)
  An orc (D:6)
  A quokka (D:6)
  4 plants (D:2)
6 creatures vanquished.

Grand Total: 272 creatures vanquished

Notes
Turn   | Place    | Note
-------+----------+-------------------------------------------
     0 | D:1      | DildoBatman the Formicid Conjurer began the quest for the
                  | Orb.
     0 | D:1      | Reached XP level 1. HP: 13/13 MP: 3/3
   270 | D:1      | Reached XP level 2. HP: 17/19 MP: 0/5
   398 | D:1      | Learned a level 2 spell: Searing Ray
   682 | D:1      | Reached XP level 3. HP: 18/24 MP: 3/6
  1264 | D:2      | Reached XP level 4. HP: 30/30 MP: 3/7
  1298 | D:2      | Found a broken altar of Ashenzari.
  1323 | D:2      | Became a worshipper of Ashenzari the Shackled
  1359 | D:2      | Reached skill level 5 in Conjurations
  1454 | D:2      | Found a stormy altar of Qazlal.
  1749 | D:3      | Found a blossoming altar of Fedhas.
  1848 | D:3      | Reached XP level 5. HP: 28/35 MP: 4/8
  2693 | D:4      | Reached skill level 1 in Fighting
  2693 | D:4      | Reached skill level 1 in Armour
  2693 | D:4      | Reached XP level 6. HP: 39/43 MP: 2/9
  2899 | D:4      | Found a staircase to the Ecumenical Temple.
  2932 | Temple   | Entered the Ecumenical Temple
  3158 | Temple   | Fell from the grace of Ashenzari
  3158 | Temple   | Became a worshipper of Kikubaaqudgha
  3310 | D:3      | Found a shimmering altar of Xom.
  3432 | D:3      | Reached XP level 7. HP: 50/50 MP: 1/12
  3680 | D:4      | Reached skill level 5 in Spellcasting
  3860 | D:4      | Found a hazy altar of Hepliaklqana.
  3890 | D:4      | Reached * piety under Kikubaaqudgha
  3890 | D:4      | Identified Kikubaaqudgha's Papyrus of Evil Magic
                  | (Kikubaaqudgha gifted it to you on level 4 of the Dungeon)
  3890 | D:4      | Received a gift from Kikubaaqudgha
  3905 | D:4      | Was forgiven by Ashenzari
  3920 | D:4      | Learned a level 2 spell: Sublimation of Blood
  3924 | D:4      | Learned a level 3 spell: Vampiric Draining
  3975 | D:4      | Got a glimmering kite shield
  3998 | D:4      | Reached skill level 1 in Shields
  4076 | D:4      | Reached skill level 2 in Shields
  4084 | D:4      | Found an iron altar of Okawaru.
  4093 | D:4      | Reached skill level 3 in Shields
  4093 | D:4      | Reached XP level 8. HP: 37/56 MP: 8/16
  4386 | D:4      | Reached skill level 4 in Shields
  4614 | D:4      | Identified the cursed +0 kite shield of Anarchy {Str+2}
                  | (You found it on level 4 of the Dungeon)
  4615 | D:5      | Entered Level 5 of the Dungeon
  4794 | D:5      | Reached skill level 5 in Shields
  4864 | D:5      | Reached skill level 6 in Shields
  4872 | D:5      | Reached ** piety under Kikubaaqudgha
  4879 | D:5      | Reached skill level 7 in Shields
  5548 | D:6      | Reached skill level 8 in Shields
  5548 | D:6      | Reached XP level 9. HP: 61/61 MP: 8/17
  5625 | D:6      | Found a sacrificial altar of Ru.
  5709 | D:6      | Found a sparkling altar of Nemelex Xobeh.
  5764 | D:6      | Reached skill level 9 in Shields
  5898 | D:6      | Found a glowing golden altar of the Shining One.
  5924 | D:6      | Reached skill level 1 in Necromancy
  6041 | D:6      | Noticed Edmund
  6068 | D:6      | Killed Edmund
  6349 | D:6      | Found a white marble altar of Elyvilon.
  6736 | D:7      | Reached *** piety under Kikubaaqudgha
  6736 | D:7      | Identified Kikubaaqudgha's Tome of Necromancy
                  | (Kikubaaqudgha gifted it to you on level 7 of the Dungeon)
  6736 | D:7      | Received a gift from Kikubaaqudgha
  6752 | D:7      | Learned a level 4 spell: Dispel Undead
  6758 | D:7      | Learned a level 5 spell: Borgnjor's Vile Clutch
  6847 | D:7      | Reached skill level 1 in Earth Magic
  6989 | D:7      | Found a flagged portal.
  7025 | D:7      | Reached XP level 10. HP: 37/67 MP: 11/20
  7071 | D:7      | Found a sacrificial altar of Ru.
  7125 | D:7      | Reached skill level 5 in Necromancy
  7175 | D:7      | Found a shadowy altar of Dithmenos.
  7226 | Bailey   | Entered a bailey
  7275 | Bailey   | Reached **** piety under Kikubaaqudgha
  7435 | Bailey   | Reached skill level 5 in Earth Magic
  9272 | D:8      | Found a hide-covered altar of Uskayaw.
  9303 | D:8      | Got a shimmering lajatang
  9304 | D:8      | Identified the +11 lajatang "Killer Bee's Foe" {protect,
                  | rF+++ Will- Dex+5} (You found it on level 8 of the Dungeon)
  9342 | D:8      | Reached ***** piety under Kikubaaqudgha
  9348 | D:8      | Found Niottaen's Magic Scroll Shoppe.
  9357 | D:8      | Bought a scroll of magic mapping for 42 gold pieces
  9357 | D:8      | Bought a scroll of identify for 24 gold pieces
  9357 | D:8      | Bought a scroll of immolation for 42 gold pieces
  9538 | D:8      | Noticed Prince Ribbit
  9725 | D:8      | Slain by Prince Ribbit

Illustrated notes

Levels and vault maps discovered:
D:1:      dpeg_arrival_signposts, layout_basic, minivault_5
D:2:      layout_rooms, grunt_qazlal_sundering, lemuel_doored_altar,
          serial_bayou_pond_a
D:3:      minmay_roachtagon, layout_loops_corners, led_xom_imps,
          nicolae_overflow_crystal_walls, minmay_misc_feat_nine_boxes
D:4:      layout_basic, kennysheep_mini, general_overflow_altar, temple_pool_b
D:5:      layout_loops_ring
D:6:      layout_cave_pods, tso_metal_star, lemuel_crystal_altar,
          lemuel_crystal_altar, elyvilon_altar_4, uniq_edmund
D:7:      layout_cave_pools, nicolae_dithmenos_the_darkroom, enter_bailey_2,
          minmay_misc_feat_more_columns, nicolae_ru_awakened_eye
D:8:      layout_basic, lemuel_crystal_altar, serial_shops,
          nicolae_shop_waterfront, corexii_mini_fake_secret_closet,
          uniq_prince_ribbit1
Temple:   jpeg_temple_island

Skill      XL: |  1  2  3  4  5  6  7  8  9 10 |
---------------+-------------------------------+-----
Conjurations   | 4 5 6 |  6.0
Fighting       | 1 2 |  2.0
Armour         | 1 2 |  2.0
Spellcasting   | 3 5 7 |  7.0
Shields        | 3 8 9 |  9.0
Necromancy     | 4 7 |  7.6
Earth Magic    | 3 7 |  7.7
Dodging        | |  1.7
Stealth        | |  2.4

Action                   |  1- 3 |  4- 6 |  7- 9 | 10-12 || total
-------------------------+-------+-------+-------+-------++-------
Melee: Unarmed           |     6 |       |       |       ||     6
       Dagger            |     8 |       |       |       ||     8
       Short sword       |    25 |    50 |    93 |    25 ||   193
       Great sword       |       |       |       |    14 ||    14
       Lajatang          |       |       |       |    11 ||    11
 Fire: Hunting sling     |       |    10 |   102 |       ||   112
       Shortbow          |       |       |       |    70 ||    70
 Cast: Magic Dart        |    31 |    13 |     3 |     7 ||    54
       Searing Ray       |    15 |    25 |    55 |    47 ||   142
       Vampiric Draining |       |       |     1 |    15 ||    16
 Abil: Dig               |     5 |     4 |    12 |     4 ||    25
  Use: Scroll            |       |     4 |       |       ||     4
 Stab: Sleeping          |     1 |     1 |       |     1 ||     3
Armor: Robe              |    17 |    16 |    14 |    21 ||    68
Dodge: Dodged            |    47 |    39 |    71 |    63 ||   220
Block: Kite shield       |       |       |    56 |    70 ||   126
       Rpst.: Great sword |       |       |       |     3 ||     3
